AoeStats
← 知耻而后勇喜笑颜开

Arabia

509270427Analyzed
1v1 RM · 6d ago on Sep 26, 2026· 31m 11s· 2 players
Game mode
Random Map
Map size
Tiny (2 player)
Population
200
Speed
Normal
Resources
Standard
Victory
Conquest
Starting age
Dark Age
Ending age
Imperial Age
RankedLock teamsTeams togetherTeam positionsShared explorationLock speedFull tech treeHidden civsTurbo modeCheats
Victory
Defeat
1438
+15
🇺🇸 Mapuche · United States
1415
-15
SteelWoolHurts
9:52 Feudal Age
8:08 Loom
10:37 Double-Bit Axe
10:32 Horse Collar
18:31 Castle Age
18:03 Fletching
18:14 Padded Archer Armor
19:30 Bodkin Arrow
21:36 Bow Saw
22:34 Leather Archer Armor
知耻而后勇喜笑颜开
8:02 Feudal Age
8:31 Double-Bit Axe
9:31 Loom
16:07 Castle Age
14:50 Horse Collar
15:37 Loom
17:08 Bow Saw
16:59 Heavy Plow
17:38 Wheelbarrow
18:07 Gold Mining
18:08 Stone Mining
20:59 Sanctity
20:35 Town Watch
21:21 Fervor
22:11 Fletching
22:52 Bodkin Arrow
24:10 Ballistics
24:01 Padded Archer Armor
24:12 Elite Skirmisher
26:57 Leather Archer Armor
27:53 Guard Tower
Connection lost

Rejoining the realm…

Still unreachable

The connection could not be restored.

Session expired

The server has moved on; the page needs a fresh start.